 Dungeon Crawl Stone Soup version 0.18.1-6-gd335043 (webtiles) character file.

2298 oplop the Jinx (level 9, -1/67 HPs)
             Began as a Vampire Enchanter on May 16, 2016.
             Was an Initiate of Gozag.
             Slain by an ogre (16 damage)
             ... on level 7 of the Dungeon.
             The game lasted 00:20:27 (5396 turns).

oplop the Jinx (Vampire Enchanter)                  Turns: 5396, Time: 00:20:28

Health: -1/67      AC:  5    Str: 12    XL:     9   Next: 17%
Magic:  8/15       EV: 16    Int: 18    God:    Gozag
Gold:   659        SH:  0    Dex: 17    Spells: 4 memorised, 8 levels left

rFire  . . .     SeeInvis +     D - +1 dagger (venom)
rCold  + + .     Gourm    .     b - +1 robe
rNeg   + + +     Faith    .     (no shield)
rPois  ∞         Spirit   .     (no helmet)
rElec  .         Dismiss  .     E - +0 cloak
rCorr  .         Reflect  .     n - +0 pair of gloves
SustAt .         Harm     .     (no boots)
MR     .....                    (no amulet)
Stlth  ++++++....               h - +5 ring of strength
                                F - ring of stealth

@: bloodless, non-regenerating, not resistant to hostile enchantments, very
stealthy
A: fangs 3, see invisible, unbreathing
a: Bat Form, Potion Petition, Call Merchant, Bribe Branch, Renounce Religion


You were on level 7 of the Dungeon.
You worshipped Gozag.
Gozag was noncommittal.
You were bloodless.

You visited 2 branches of the dungeon, and saw 8 of its levels.

You collected 707 gold pieces.
You paid 48 gold pieces to Gozag.

Inventory:

Hand Weapons
 a - a +1 dagger
 p - a +4 dagger
 D - a +1 dagger of venom (weapon)
Armour
 b - a +1 robe (worn)
 n - a +0 pair of gloves (worn)
 v - a +0 buckler
 E - a +0 cloak (worn)
Jewellery
 h - a +5 ring of strength (right hand)
 r - an uncursed ring of flight
 s - an uncursed ring of positive energy
 A - an uncursed ring of flight
 F - a ring of stealth (left hand)
Wands
 q - a wand of paralysis (16/24)
 t - a wand of confusion (36/48)
 C - a wand of acid (4/15)
Scrolls
 d - 2 scrolls of fog
 f - 3 scrolls of amnesia {unknown}
 g - 3 scrolls of remove curse
 l - a scroll of holy word {unknown}
 w - a scroll of immolation {unknown}
 y - a scroll of fear {unknown}
 z - a scroll of noise {unknown}
 H - a scroll of recharging {unknown}
Potions
 e - 2 potions of lignification
 i - a potion of haste
 j - a potion of magic {unknown}
 k - a potion of curing
 m - a potion of brilliance
 u - a potion of might
 x - a potion of ambrosia {unknown}
 B - 2 potions of heal wounds {unknown}
Books
 c - a book of Maledictions

   Spells                             Type                      Level
   a - Corona                         Hexes                        1
   b - Ensorcelled Hibernation        Hexes/Ice                    2
   c - Confuse                        Hexes                        3
   d - Tukima's Dance                 Hexes                        3
   e - Dazzling Spray                 Conjuration/Hexes            3
 G - a book of Flames

   Spells                             Type                      Level
   a - Flame Tongue                   Conjuration/Fire             1
   b - Throw Flame                    Conjuration/Fire             2
   c - Conjure Flame                  Conjuration/Fire             3
   d - Inner Flame                    Hexes/Fire                   3
   e - Sticky Flame                   Conjuration/Fire             4
   f - Fireball                       Conjuration/Fire             5


   Skills:
 + Level 4.8 Fighting
 + Level 5.8 Short Blades
 + Level 6.4 Dodging
 - Level 7.6 Stealth
 - Level 4.6 Spellcasting
 + Level 8.2 Hexes


You had 8 spell levels left.
You knew the following spells:

 Your Spells              Type           Power        Failure   Level  Hunger
a - Corona                Hex            ####...      1%          1    None
b - Ensorcelled Hibernat  Hex/Ice        ###...       4%          2    #......
c - Confuse               Hex            ####....     1%          3    ###....
d - Tukima's Dance        Hex            ####....     1%          3    ###....


Dungeon Overview and Level Annotations

Branches:
Dungeon (7/15)             Temple (1/1) D:4

Altars:
Ashenzari
Cheibriados
Dithmenos
Elyvilon
Fedhas
Gozag
Kikubaaqudgha
Makhleb
Nemelex Xobeh
Okawaru
Pakellas
Qazlal
Ru
Sif Muna
Trog
Vehumet
Xom
Zin

Shops:
D:7 [


Innate Abilities, Weirdness & Mutations

You do not heal naturally.
You are immune to poison.
You have razor-sharp teeth.
You have supernaturally acute eyesight.
You can survive without breathing.


Message History

The orc wizard barely misses your giant spiked club.
Your halberd closely misses the orc warrior.
Something hits your giant spiked club but does no damage. x2
Your potion of blood rots away.
The orc wizard hits your giant spiked club but does no damage.
The orc wizard hits your giant spiked club but does no damage.
The orc wizard hits your giant spiked club but does no damage.
The orc wizard hits your giant spiked club but does no damage.
The orc wizard casts a spell at you. The puff of frost hits your halberd.
Your halberd resists.
Found a stone staircase leading down.
Found a stone staircase leading up.
The orc wizard barely misses your giant spiked club.
The orc wizard points at you and mumbles some strange words.
The puff of frost hits your giant spiked club.
Your giant spiked club resists.
The ogre hits you!
You die...
Your body crumbles into a pile of gold.

#...........+...........#......
#...........#...........'......
#######'##...#############......
#........#...#<........ #####..
#........'...+....>.... #..
#........###+#......... #..
#......>............... #..
#...................... #..
#..............@....... #..
#######'#....oO........ #..
#......#.....##+####.. ......
#......#.....#.....+ ......
#......'.....#.....# ......
#......#....(#.....# ......
###+####..o(.#.....# ......
#....o#.....## .....#
#.....#......# .....


You could see an orc warrior, an ogre and an orc wizard.

Vanquished Creatures
  Grinder (D:4)
  Sigmund (D:3)
  2 sky beasts
  2 phantoms
  3 ogres
  A centaur (D:6)
  4 giant frogs
  A howler monkey (D:5)
  A jelly (D:6)
  2 crimson imps
  A giant frog zombie (D:6)
  2 giant frog skeletons
  2 hounds
  Crazy Yiuf (D:6)
  3 orc wizards
  A centaur skeleton (D:4)
  Ijyb (D:2)
  5 worker ants
  3 iguanas
  2 hound skeletons
  Robin (D:2)
  9 gnolls
  11 adders
  A shadow imp (D:5)
  3 adder skeletons
  A worm (D:2)
  A dart slug (D:5)
  5 giant geckos
  10 orcs
  6 giant cockroaches
  9 hobgoblins
  5 jackals
  3 quokkas
  3 bats (D:2)
  2 giant gecko skeletons
  6 giant newts
  14 goblins
  8 kobolds
  A quokka skeleton (D:4)
  5 rats
143 creatures vanquished.

Vanquished Creatures (collateral kills)
  4 gnolls
  2 orcs (D:3)
6 creatures vanquished.

Vanquished Creatures (others)
  6 dancing weapons
  An orc wizard (D:3)
7 creatures vanquished.

Grand Total: 156 creatures vanquished

Notes
Turn   | Place    | Note
--------------------------------------------------------------
     0 | D:1      | oplop the Vampire Enchanter began the quest for the Orb.
     0 | D:1      | Reached XP level 1. HP: 13/13 MP: 3/3
   305 | D:1      | Reached XP level 2. HP: 11/19 MP: 3/5
   534 | D:2      | Noticed Ijyb
   565 | D:2      | Learned a level 2 spell: Ensorcelled Hibernation
   656 | D:2      | Reached skill level 5 in Stealth
   656 | D:2      | Reached XP level 3. HP: 11/24 MP: 0/7
   661 | D:2      | Found a faded altar to an unknown god.
   876 | D:2      | Reached skill level 5 in Hexes
   933 | D:2      | Killed Ijyb
   933 | D:2      | Reached XP level 4. HP: 30/30 MP: 1/8
   985 | D:2      | Learned a level 3 spell: Confuse
   989 | D:2      | Learned a level 3 spell: Tukima's Dance
  1156 | D:2      | Noticed Robin
  1159 | D:2      | Killed Robin
  1386 | D:2      | Found a glowing silver altar of Zin.
  1388 | D:2      | Found an iron altar of Okawaru.
  1390 | D:2      | Found a white marble altar of Elyvilon.
  1390 | D:2      | Found a blossoming altar of Fedhas.
  1392 | D:2      | Found a shadowy altar of Dithmenos.
  1622 | D:2      | Reached XP level 5. HP: 25/36 MP: 0/10
  1790 | D:3      | Noticed Sigmund
  1909 | D:3      | Killed Sigmund
  1909 | D:3      | Reached skill level 1 in Fighting
  1909 | D:3      | Reached XP level 6. HP: 43/43 MP: 5/11
  2518 | D:4      | Reached XP level 7. HP: 50/50 MP: 13/13
  2995 | D:4      | Noticed Grinder
  3027 | D:4      | Killed Grinder
  3110 | D:4      | Found a staircase to the Ecumenical Temple.
  3120 | Temple   | Entered the Ecumenical Temple
  3213 | Temple   | Became a worshipper of Gozag Ym Sagoz the Greedy
  3240 | D:5      | Entered Level 5 of the Dungeon
  3251 | D:5      | Found a stormy altar of Qazlal.
  3537 | D:5      | Reached skill level 6 in Hexes
  3537 | D:5      | Reached XP level 8. HP: 41/58 MP: 0/14
  4175 | D:5      | Reached skill level 5 in Dodging
  4261 | D:6      | Reached skill level 7 in Hexes
  4372 | D:6      | Reached skill level 5 in Short Blades
  4693 | D:6      | Noticed Crazy Yiuf
  4697 | D:6      | Killed Crazy Yiuf
  4978 | D:6      | Reached XP level 9. HP: 66/66 MP: 8/15
  5010 | D:7      | Reached skill level 8 in Hexes
  5038 | D:7      | Found a bloodstained altar of Trog.
  5232 | D:7      | namelastname112: а
  5232 | D:7      | namelastname112: ты тоже к гозагу
  5232 | D:7      | namelastname112: лел
  5232 | D:7      | oplop: ну да
  5232 | D:7      | oplop: решил потестить
  5273 | D:7      | Found Kiov's Armour Shoppe.
  5274 | D:7      | Wingboner: ЖИДОУПЫРИ!
  5284 | D:7      | oplop: fvgbh D ghzv
  5284 | D:7      | oplop: ампир В прям
  5396 | D:7      | Slain by an ogre

Skill      XL: |  1  2  3  4  5  6  7  8  9 |
---------------+----------------------------+-----
Stealth        | 5 6 7 |  7.6
Hexes          | 5 6 7 8 |  8.2
Spellcasting   | 3 4 |  4.6
Fighting       | 1 2 3 4 |  4.8
Short Blades   | 2 3 5 |  5.8
Dodging        | 3 4 6 |  6.4

Action                   |  1- 3 |  4- 6 |  7- 9 || total
-------------------------+-------+-------+-------++-------
Melee: Dagger            |   116 |   140 |   222 ||   478
       Bite              |     8 |    10 |    15 ||    33
 Cast: Corona            |     7 |       |       ||     7
       Ensorcelled Hiber |     6 |    21 |    49 ||    76
       Tukima's Dance    |       |    11 |    13 ||    24
       Confuse           |       |     4 |    23 ||    27
  Use: Potion            |     5 |     5 |       ||    10
       Scroll            |       |       |     7 ||     7
 Stab: Sleeping          |    10 |    17 |    39 ||    66
       Confused          |       |       |     9 ||     9
       Distracted        |       |       |     2 ||     2
  Eat: Corpse            |     5 |     1 |       ||     6
Armor: Robe              |    23 |    26 |    28 ||    77
       Skin              |       |    12 |       ||    12
Dodge: Dodged            |    76 |    63 |   117 ||   256
